 Dungeon Crawl Stone Soup version 0.19-a0-1568-gdd01aac (webtiles) character file.

3398 dvd the Tainter (level 10, -6/63 HPs)
             Began as an Octopode Venom Mage on Sept 15, 2016.
             Mangled by an orc warrior
             ... wielding a +0 hand axe
              (18 damage)
             ... on level 6 of the Dungeon.
             The game lasted 00:27:56 (8298 turns).

dvd the Tainter (Octopode Venom Mage)               Turns: 8298, Time: 00:27:57

Health: -6/63      AC:  6    Str: 12    XL:     10   Next: 4%
Magic:  3/28       EV: 16    Int: 18    God:
Gold:   222        SH:  0    Dex: 16    Spells: 4 memorised, 8 levels left

rFire  . . .     SeeInvis .     a - +3 short sword (protect)
rCold  + . .     Gourm    .     (no shield)
rNeg   . . .     Faith    .     (helmet restricted)
rPois  .         Spirit   .     (no amulet)
rElec  .         Dismiss  .     s - ring of magical power
rCorr  .         Reflect  .     k - ring of Baugona {+Fly rC+ MR+ Dex+3}
MR     +....     Harm     .     (no ring)
Stlth  +++++.....               (no ring)
                                (no ring)
                                (no ring)
                                (no ring)
                                (no ring)

@: radiating poison
A: almost no armour, stealthy swim, amphibious, 8 rings, constrict 8, camouflage
1, strong 1, gelatinous body 1
a: Evoke Flight


You were on level 6 of the Dungeon.
You were not hungry.

You visited 1 branch of the dungeon, and saw 6 of its levels.
You also visited: Sewer and Ossuary.

You collected 222 gold pieces.

Inventory:

Hand Weapons
 a - a +3 short sword of protection (weapon)
 e - a +2 whip of flaming
 g - a +3 dagger
 h - a +0 short sword of venom
 i - the +2 trident of Sudden Death {venom, rN++ Str-5}
   (You found it on level 4 of the Dungeon)

   It poisons the flesh of those it strikes.
   It affects your strength (-5).
   It greatly protects you from negative energy.
 l - a +2 dagger of venom
 o - a cursed -3 hand axe
 y - a +0 dagger of speed
Magical Staves
 A - an uncursed staff of power
Jewellery
 k - the ring of Baugona (right tentacle) {+Fly rC+ MR+ Dex+3}
   (You acquired it in a sewer)

   [ring of protection from cold]

   It affects your dexterity (+3).
   It protects you from cold.
   It affects your resistance to hostile enchantments.
   It lets you fly.
 s - a ring of magical power (left tentacle)
Scrolls
 c - 10 scrolls of identify
 d - a scroll of fog
 f - 2 scrolls of remove curse
 u - a scroll of fear
 w - a scroll of enchant weapon
Potions
 m - 6 potions of curing
 n - a potion of haste
 p - 9 potions of heal wounds
 r - 4 potions of flight
 t - 2 potions of agility
 x - a potion of cancellation {unknown}
Books
 q - a Young Poisoner's Handbook

   Spells                             Type                      Level
   a - Sting                          Conjuration/Poison           1
   b - Mephitic Cloud                 Conjuration/Poison/Air       3
   c - Olgreb's Toxic Radiance        Poison                       4
   d - Alistair's Intoxication        Transmutation/Poison         5
   e - Venom Bolt                     Conjuration/Poison           5
Comestibles
 b - 3 bread rations
 j - 2 beef jerkies
 v - 7 chunks of flesh
 z - a meat ration


   Skills:
 + Level 3.5 Fighting
 + Level 5.7 Short Blades
 + Level 4.6 Dodging
 + Level 7.4 Stealth
 + Level 6.2 Spellcasting
 + Level 3.3 Conjurations
 + Level 9.5 Poison Magic


You had 8 spell levels left.
You knew the following spells:

 Your Spells              Type           Power        Failure   Level  Hunger
a - Sting                 Conj/Pois      ####         1%          1    None
b - Mephitic Cloud        Conj/Pois/Air  ###.....     10%         3    ##.....
c - Olgreb's Toxic Radia  Pois           #####...     2%          4    ####...
d - Venom Bolt            Conj/Pois      ####......   24%         5    #####..


Dungeon Overview and Level Annotations

Branches:
Dungeon (6/15)
 Temple: D:4-7

Altars:
Cheibriados

Shops:
D:5 [   D:6 (


Innate Abilities, Weirdness & Mutations

You cannot wear most types of armour.
You are very stealthy in the water.
You are amphibious.
You can wear up to eight rings at the same time.
You can use your tentacles to constrict eight enemies at once.
Your skin changes colour to match your surroundings (Stealth+).
Your rubbery body absorbs attacks. (AC +1, EV +1)
Your muscles are strong. (Str +2)


Message History

You hit the orc warrior. Your grab misses the orc warrior.
The orc warrior is heavily wounded.
The adder looks even sicker.
The orc warrior hits you with a hand axe!
The orc warrior hits you from afar with a trident!
Unknown command.
The orc warrior looks as sick as possible! x3
The adder looks even sicker.
Your toxic aura wanes.
There is an open door here.
Casting: Sting
Confirm with . or Enter, or press ? or * to list all spells.
You begin to radiate toxic energy.
The orc warrior looks as sick as possible! x3
The adder looks as sick as possible!
You kill the orc warrior!
You kill the adder!
The orc warrior throws a tomahawk.
The tomahawk hits you!
* * * LOW HITPOINT WARNING * * *
The orc warrior hits you with a hand axe!!
You die...

.......#.....'....#
.......#.....#....#
.รท.....#.....#....#
#####'##.....#..########.
.........########........
.........#......#........
.........#......#........
.#.....#........#..))....
###...###.......@o).o.)..
.#.....#........#.)..)...
................#..).....
.........##+##..#..o.....
...#.........#######$....
.#.....#.....# ...).
###..)###.<..# ....
.#....^#.....# ....
...#.........#


You could see 2 orc warriors and an orc priest.

Vanquished Creatures
  Pikel (D:3)
  Eustachio (D:5)
  A water moccasin (D:6)
  Duvessa (D:4)
  An ice beast (D:5)
  2 ogres
  A phantom (D:4)
  2 orc warriors (D:6)
  A centaur (D:6)
  The ghost of dvd the Insei, an amateur OpTm of Trog (D:3)
  2 big kobolds (Sewer)
  2 bullfrogs
  Dowan (D:4)
  5 scorpions (Ossuary)
  A water moccasin skeleton (D:4)
  A howler monkey (D:4)
  3 centaur zombies (Ossuary)
  2 bullfrog zombies (D:5)
  2 human zombies (Ossuary)
  5 crimson imps
  A hound (D:4)
  5 orc priests
  An iron imp (D:5)
  Natasha (thrice) (D:2)
  3 iguanas
  5 orc wizards
  3 mummies (Ossuary)
  9 adders
  6 river rats (Sewer)
  3 scorpion zombies (Ossuary)
  An ooze (D:3)
  An adder skeleton (D:5)
  3 worms
  2 leopard geckos
  19 orcs
  7 giant cockroaches
  2 gnoll zombies (Ossuary)
  10 goblins
  9 hobgoblins
  3 jackals (D:1)
  23 kobolds
  3 quokkas
  7 ball pythons
  8 bats
  A goblin zombie (Ossuary)
  A hobgoblin zombie (Ossuary)
  3 kobold zombies (Ossuary)
  2 leopard gecko skeletons
  A quokka zombie (D:5)
  27 rats
208 creatures vanquished.

Vanquished Creatures (others)
  Grinder (D:4)
  A slave (D:4)
  A scorpion (D:4)
  A leopard gecko (D:4)
  An orc (D:4)
  A ball python (D:4)
  A goblin zombie (Ossuary)
7 creatures vanquished.

Grand Total: 215 creatures vanquished

Notes
Turn   | Place    | Note
-------+----------+-------------------------------------------
     0 | D:1      | dvd the Octopode Venom Mage began the quest for the Orb.
     0 | D:1      | Reached XP level 1. HP: 11/11 MP: 3/3
   120 | D:1      | Reached skill level 5 in Poison Magic
   413 | D:1      | Reached XP level 2. HP: 17/17 MP: 5/5
  1135 | D:1      | Reached XP level 3. HP: 21/21 MP: 4/6
  1241 | D:1      | Learned a level 3 spell: Mephitic Cloud
  1269 | D:2      | Noticed Natasha
  1277 | D:2      | Killed Natasha
  1401 | D:2      | Noticed Natasha
  1408 | D:2      | Killed Natasha
  1408 | D:2      | Reached XP level 4. HP: 11/27 MP: 1/7
  1660 | D:2      | Reached skill level 6 in Poison Magic
  1684 | D:2      | Noticed Natasha
  1705 | D:2      | Killed Natasha
  2231 | D:2      | Reached XP level 5. HP: 32/32 MP: 5/8
  2237 | D:2      | Learned a level 4 spell: Olgreb's Toxic Radiance
  2318 | D:2      | Reached skill level 1 in Conjurations
  2743 | D:3      | Noticed dvd's ghost (amateur OpTm)
  3188 | D:2      | Reached skill level 1 in Short Blades
  3748 | D:3      | Killed dvd's ghost
  3748 | D:3      | Reached XP level 6. HP: 19/37 MP: 10/10
  3923 | D:4      | Reached skill level 1 in Fighting
  4086 | D:4      | Noticed Pikel
  4088 | D:4      | Noticed a slave
  4178 | D:3      | Killed Pikel
  4178 | D:3      | Reached skill level 7 in Poison Magic
  4178 | D:3      | Reached XP level 7. HP: 4/43 MP: 2/13
  4178 | D:3      | Reached XP level 8. HP: 4/48 MP: 2/14
  4507 | D:4      | Killed Grinder
  4639 | D:4      | Got a slimy trident
  4640 | D:4      | Identified the +2 trident of Sudden Death {venom, rN++ Str-5} (You found it on level 4 of the Dungeon)
  4681 | D:4      | Noticed Dowan
  4682 | D:4      | Noticed Duvessa
  4711 | D:4      | Killed Duvessa
  4712 | D:4      | Killed Dowan
  5005 | D:4      | Learned a level 5 spell: Venom Bolt
  5291 | D:5      | Entered Level 5 of the Dungeon
  5322 | D:5      | Reached skill level 5 in Spellcasting
  5413 | D:5      | Found a glowing drain.
  5433 | Sewer    | Entered a sewer
  5522 | Sewer    | Reached skill level 8 in Poison Magic
  5743 | Sewer    | Gained mutation: Your muscles are strong. (Str +2) [potion of beneficial mutation]
  5750 | Sewer    | Identified a scroll of acquirement
  5751 | Sewer    | Got a heavily runed lead ring
  5752 | Sewer    | Identified the ring of Baugona {+Fly rC+ MR+ Dex+3} (You acquired it in a sewer)
  5984 | D:5      | Found Qozin's Antique Armour Shoppe.
  5986 | D:5      | Found a sand-covered staircase.
  5995 | Ossuary  | Entered an ossuary
  6032 | Ossuary  | Reached skill level 5 in Stealth
  6066 | Ossuary  | Reached XP level 9. HP: 47/54 MP: 17/17
  7189 | D:5      | Reached skill level 5 in Short Blades
  7415 | D:5      | Found a snail-covered altar of Cheibriados.
  7480 | D:5      | Noticed Eustachio
  7499 | D:5      | Killed Eustachio
  8144 | D:6      | Reached skill level 9 in Poison Magic
  8154 | D:6      | Found Diwe's Antique Weapon Shop.
  8291 | D:6      | Reached XP level 10. HP: 54/63 MP: 12/19
  8298 | D:6      | Mangled by an orc warrior

Vault maps used:
D:1:      minmay_arrival_four_circles
D:2:      uniq_natasha
D:3:      solitary_fountain
D:4:      uniq_pikel, uniq_grinder, uniq_duvessa
D:5:      slow_altar_1, nicolae_ossuary_entry_monument, portal_sewer_entry_c,
          first_bread, serial_shops, shop, serial_bayou_pond_c, uniq_eustachio
D:6:      serial_shops, shop, serial_glass, glass_columns_c, glass_columns_a,
          minmay_strange_pillars, bh_walls_and_bars, uniq_crazy_yiuf_cottage
Sewer:    sewer_minmay_treatment
Ossuary:  ossuary_minmay_scorpions

Skill      XL: |  1  2  3  4  5  6  7  8  9 |
---------------+----------------------------+-----
Poison Magic   | 5 6 7 8 9 |  9.5
Stealth        | 3 4 5 7 |  7.4
Conjurations   | 1 2 3 |  3.3
Short Blades   | 1 3 4 5 |  5.7
Fighting       | 1 3 |  3.5
Spellcasting   | 4 5 6 |  6.2
Dodging        | 3 4 |  4.6

Action                   |  1- 3 |  4- 6 |  7- 9 | 10-12 || total
-------------------------+-------+-------+-------+-------++-------
Melee: Unarmed           |     2 |       |       |       ||     2
       Short sword       |    24 |   108 |   253 |     1 ||   386
       Constrict         |     9 |    21 |    48 |       ||    78
       Tentacles         |     4 |    18 |    54 |       ||    76
 Cast: Sting             |    28 |    80 |    20 |     3 ||   131
       Mephitic Cloud    |       |     1 |       |       ||     1
       Olgreb's Toxic Ra |       |     4 |    29 |     2 ||    35
       Venom Bolt        |       |       |     2 |       ||     2
  Use: Potion            |       |     8 |     2 |       ||    10
       Scroll            |       |     5 |    10 |       ||    15
 Stab: Sleeping          |     5 |     3 |    12 |       ||    20
       Distracted        |     1 |       |       |       ||     1
  Eat: Chunk             |     2 |     9 |    13 |       ||    24
       Meat ration       |       |       |     1 |       ||     1
       Pizza             |       |       |     1 |       ||     1
Armor: Skin              |       |    24 |    58 |       ||    82
Dodge: Dodged            |    11 |    58 |   140 |       ||   209
